 Dungeon Crawl Stone Soup version 0.19-a0-1268-g6c5d9f8 (webtiles) character file.

1655 4thArraOfDagon the Grappler (level 8, -29/81 HPs)
             Began as a Troll Gladiator on Aug 29, 2016.
             Was a Believer of Elyvilon.
             Annihilated by a tentacled starspawn (37 damage)
             ... on level 2 of the Abyss.
             The game lasted 00:07:18 (1802 turns).

4thArraOfDagon the Grappler (Troll Gladiator)       Turns: 1802, Time: 00:07:19

Health: -29/81     AC:  6    Str: 24    XL:     8   Next: 68%
Magic:  16/16      EV:  7    Int:  6    God:    Elyvilon [**....]
Gold:   168        SH:  0    Dex: 10    Spells: 1 memorised, 6 levels left

rFire  . . .     SeeInvis .       - Unarmed
rCold  . . .     Gourm    +     a - +0 robe
rNeg   + . .     Faith    .     (no shield)
rPois  .         Spirit   .     b - +1 hat
rElec  .         Dismiss  .     (no cloak)
rCorr  .         Reflect  .     (gloves unavailable)
MR     .....     Harm     .     (boots unavailable)
Stlth  +.........               l - amulet of regeneration
                                A - ring of positive energy
                                t - ring of magical power

@: protection, constricted
A: unfitting armour, claws 3, fast metabolism 3, gourmand, regeneration 1,
shaggy fur 1, tough skin 2
a: Lesser Healing, Heal Other, Divine Protection, Renounce Religion


You were on level 2 of the Abyss.
You worshipped Elyvilon.
Elyvilon was pleased with you.
You were not hungry.

You visited 2 branches of the dungeon, and saw 10 of its levels.
You visited the Abyss 1 time.

You collected 168 gold pieces.

Inventory:

Hand Weapons
 m - a +0 blowgun
 q - a +1 giant spiked club
Missiles
 k - 4 large rocks (quivered)
Armour
 a - a +0 robe (worn)
 b - a +1 hat (worn)
Magical Staves
 r - an uncursed staff of energy {unknown}
 w - an uncursed staff of summoning {unknown}
Jewellery
 l - an amulet of regeneration (around neck)
 s - an uncursed ring of ice
 t - a ring of magical power (left claw)
 A - a ring of positive energy (right claw)
 E - a +3 amulet of reflection {unknown}
Wands
 u - a wand of flame (18/48)
 y - a wand of digging (8/24)
Scrolls
 e - 2 scrolls of amnesia {unknown}
 h - 2 scrolls of random uselessness {unknown}
 i - 2 scrolls of remove curse
 n - a scroll of immolation {unknown}
 o - a scroll of enchant weapon
 C - a scroll of teleportation
 D - a scroll of fog
Potions
 f - a potion of berserk rage
 g - a potion of agility {unknown}
 j - 2 potions of lignification
 v - a potion of degeneration {unknown}
 x - a potion of flight
 z - 3 potions of curing {unknown}
 B - 2 potions of invisibility {unknown}
 F - a potion of brilliance {unknown}
Comestibles
 c - a meat ration
 d - 6 bread rations
 p - a beef jerky


   Skills:
 + Level 5.5 Fighting
 - Level 1.7 Throwing
 - Level 2.4 Dodging
 * Level 9.6 Unarmed Combat
 + Level 0.0 Invocations


You had 6 spell levels left.
You knew the following spells:

 Your Spells              Type           Power        Failure   Level  Hunger
a - Apportation           Tloc           #.........   52%         1    ##.....


Dungeon Overview and Level Annotations

Branches:
Dungeon (9/15)             Temple (1/1) D:7
   Lair: D:8-11         Orc: D:9-12

Altars:
Ashenzari
Cheibriados
Dithmenos
Elyvilon
Fedhas
Gozag
Kikubaaqudgha
Makhleb
Nemelex Xobeh
Qazlal
Ru
Trog
Zin

Annotations:
D:6 Prince Ribbit
D:8 Psyche


Innate Abilities, Weirdness & Mutations

You are too large for most types of armour.
You have claws for hands.
Your metabolism is lightning-fast.
You like to eat raw meat.
Your natural rate of healing is unusually fast.
You are covered in fur. (AC +1)
You have very tough skin. (AC +2)


Message History

* * * LOW HITPOINT WARNING * * *
The tentacled starspawn engulfs you!
* * * LOW HITPOINT WARNING * * *
Unknown command.
Unknown command.
Okay, then.
Unknown command.
You beseech Elyvilon to protect your life.
The starspawn tentacle constricts you. The tentacled starspawn bites you.
* * * LOW HITPOINT WARNING * * *
The tentacled starspawn engulfs you but does no damage.
Unknown command.
Unknown command.
You scratch the tentacled starspawn but do no damage.
The starspawn tentacle loses its grip on you.
The tentacled starspawn is heavily damaged.
The starspawn tentacle grabs you.
* * * LOW HITPOINT WARNING * * *
The starspawn tentacle constricts you. The tentacled starspawn bites you!!!
You die...

...#(. . ..# ... ..
##.. ##.# ..#. . .#
.#. # .. ....# #. #..
# .#####.# .##..# ##.
... ...### #X...##...
. ... .
.....##..#>.....
.###..
..#.##..##X#.#.# . .
....#.. #.@w...# .....
.# .#.##.##....# ...
..#.#.# #.......#
......#.#....#.##.#..#
. #.# #.......#..#..#
# # ..#...#ยง##.....##
..# . #.. . .#.#. .
###.# .# ...#..# . . .
... # ....## .#. . .##


You could see a tentacled starspawn and a starspawn tentacle.

Vanquished Creatures
  Pikel (D:7)
  A troll (D:8)
  A hippogriff (D:7)
  A hungry ghost (D:7)
  Menkaure (D:4)
  2 ogres
  A small abomination (Abyss:2)
  A scorpion (D:7)
  An electric eel (D:7)
  4 crimson imps
  2 hounds (D:7)
  2 worker ants
  A worker ant zombie (D:7)
  A howler monkey skeleton (D:7)
  An adder (D:7)
  2 shadow imps
  2 oozes (D:2)
  3 adder skeletons (D:7)
  A worm (D:2)
  2 dart slugs
  A giant gecko (D:7)
  2 orcs (D:7)
  5 bats
  3 giant cockroaches
  8 goblins
  A hobgoblin (D:2)
  3 jackals (D:3)
  2 quokkas
  3 giant newts
59 creatures vanquished.

Notes
Turn   | Place    | Note
-------+----------+-------------------------------------------
     0 | D:1      | 4thArraOfDagon the Troll Gladiator began the quest for the Orb.
     0 | D:1      | Reached XP level 1. HP: 19/19 MP: 0/0
   123 | D:2      | Reached XP level 2. HP: 28/28 MP: 1/1
   321 | D:2      | Reached XP level 3. HP: 35/35 MP: 2/2
   327 | D:2      | Reached skill level 4 in Unarmed Combat
   545 | D:3      | LAB
   556 | D:4      | Noticed an ogre
   563 | D:4      | Killed an ogre
   563 | D:4      | Reached XP level 4. HP: 44/44 MP: 3/3
   580 | D:4      | Noticed Menkaure
   587 | D:4      | Killed Menkaure
   587 | D:4      | Reached skill level 5 in Unarmed Combat
   587 | D:4      | Reached XP level 5. HP: 31/53 MP: 4/4
   689 | D:5      | Entered Level 5 of the Dungeon
   748 | D:5      | Learned a level 1 spell: Apportation
   773 | D:5      | Reached XP level 6. HP: 60/61 MP: 5/5
   843 | D:5      | Reached skill level 6 in Unarmed Combat
   900 | D:6      | Noticed an orc warrior
   905 | D:6      | Noticed Prince Ribbit
  1027 | D:7      | Found a staircase to the Ecumenical Temple.
  1060 | Temple   | Entered the Ecumenical Temple
  1067 | Temple   | Became a worshipper of Elyvilon the Healer
  1130 | D:7      | Noticed a hungry ghost
  1164 | D:7      | Killed a hungry ghost
  1164 | D:7      | Reached XP level 7. HP: 57/68 MP: 6/6
  1189 | D:7      | Noticed a hippogriff
  1272 | D:7      | Reached skill level 7 in Unarmed Combat
  1326 | D:7      | Reached * piety under Elyvilon
  1376 | D:7      | Killed a hippogriff
  1517 | D:8      | Noticed Pikel
  1542 | D:7      | Killed Pikel
  1542 | D:7      | Reached skill level 5 in Fighting
  1542 | D:7      | Reached skill level 8 in Unarmed Combat
  1542 | D:7      | Reached XP level 8. HP: 78/80 MP: 7/7
  1588 | D:9      | Noticed a troll
  1590 | D:9      | Reached skill level 9 in Unarmed Combat
  1640 | D:8      | Killed a troll
  1655 | D:8      | Noticed Psyche
  1686 | D:8      | Cast into level 2 of the Abyss (Psyche)
  1686 | Abyss:2  | Found a corrupted altar of Lugonu.
  1687 | Abyss:2  | ty
  1751 | Abyss:2  | Reached ** piety under Elyvilon
  1791 | Abyss:2  | Noticed a tentacled starspawn
  1802 | Abyss:2  | jacquesderrida: hi
  1802 | Abyss:2  | Annihilated by a tentacled starspawn

Vault maps used:
D:1:      erik_arrival_blinker_ship
D:2:      first_bread
D:3:      uniq_sigmund
D:4:      uniq_eustachio, uniq_menkaure
D:5:      hangedman_decor_opposing, uniq_edmund
D:6:      nicolae_dithmenos_shadow_blocks, uniq_prince_ribbit1
D:7:      minmay_misc_feat_roman, kennysheep_opposing_triangles
D:8:      uniq_gastronok, uniq_pikel, uniq_psyche
D:9:      hangedman_fish_farm
Temple:   dpeg_three_leaves_temple

Skill      XL: |  1  2  3  4  5  6  7  8 |
---------------+-------------------------+-----
Unarmed Combat | 4 5 6 8 9 |  9.6
Fighting       | 2 3 5 |  5.5
Throwing       | |  1.7
Dodging        | |  2.4

Action                   |  1- 3 |  4- 6 |  7- 9 || total
-------------------------+-------+-------+-------++-------
Melee: Unarmed           |    75 |    59 |    71 ||   205
       Punch             |     1 |       |     1 ||     2
Throw: Throwing net      |     1 |     1 |     2 ||     4
Invok: Divine Protection |       |       |     1 ||     1
  Use: Scroll            |       |     1 |     8 ||     9
  Eat: Chunk             |     5 |     8 |     6 ||    19
Armor: Robe              |    45 |    19 |    23 ||    87
Dodge: Dodged            |    48 |    21 |    26 ||    95
